 Dungeon Crawl Stone Soup version 0.21.0-3-g78d12a8 (webtiles) character file.

2 Ignatius881 the Magician (level 1, -1/10 HPs)
             Began as a Deep Elf Wizard on Jan 11, 2018.
             Slain by a jackal (2 damage)
             ... on level 1 of the Dungeon.
             The game lasted 00:00:21 (51 turns).

Ignatius881 the Magician (Deep Elf Wizard)            Turns: 51, Time: 00:00:22

Health: -1/10      AC:  2    Str:  4    XL:     1   Next: 33%
Magic:  0/8        EV: 13    Int: 22    God:
Gold:   8          SH:  0    Dex: 13    Spells: 8/9 levels left

rFire    . . .     SeeInvis .   (no weapon)
rCold    . . .     Gourm    .   (no shield)
rNeg     . . .     Faith    .   a - +0 robe
rPois    .         Spirit   .   b - +0 hat
rElec    .         Reflect  .   (no cloak)
rCorr    .         Harm     .   (no gloves)
MR       .....                  (no boots)
Stlth    ++........             (no amulet)
HPRegen  0.03/turn              (no ring)
MPRegen  0.11/turn              (no ring)

@: no status effects
A: no striking features
a: no special abilities


You were on level 1 of the Dungeon.
You were not hungry.

You visited 1 branch of the dungeon, and saw 1 of its levels.

You collected 8 gold pieces.

Inventory:

Armour
 a - a +0 robe (worn)
 b - a +0 hat (worn)
Books
 c - a book of Minor Magic
Comestibles
 e - a ration


   Skills:
 - Level 2.4 Dodging
 - Level 2.4 Stealth
 * Level 4.6 Spellcasting
 - Level 1.1 Conjurations
   Level 1.1 Summonings
   Level 1.1 Translocations


You had 8 spell levels left.
You knew the following spells:

 Your Spells              Type           Power        Failure   Level  Hunger
a - Magic Dart            Conj           #...         7%          1    None


Dungeon Overview and Level Annotations

Branches:
Dungeon (1/15)

Altars:


Message History

Found a ring mail, a whip and 8 gold pieces.
Found a staircase leading out of the dungeon.
You now have 8 gold pieces. 3 jackals come into view.
The jackal barks! x3; You hear a shout!
The jackal moves out of view.
A jackal comes into view.
Aim: a jackal The magic dart hits the jackal.
The jackal misses you.
The jackal moves out of view.
Aim: a jackal The magic dart hits the jackal.
The jackal bites you.
Aim: a jackal (lightly wounded)
The magic dart hits the jackal.
The jackal misses you. The jackal closely misses you.
The jackal closely misses you.
Aim: a jackal (moderately wounded)
The magic dart hits the jackal.
The jackal bites you.
Aim: a jackal (severely wounded)
The magic dart hits the jackal.
You kill the jackal!
Aim: a jackal The magic dart hits the jackal.
The jackal barely misses you. The jackal bites you.
* * * LOW HITPOINT WARNING * * *
Aim: a jackal (severely wounded)
The magic dart hits the jackal.
The jackal bites you but does no damage.
You don't have enough magic to cast that spell.
You barely miss the jackal. The jackal barely misses you.
You hit the jackal but do no damage. The jackal misses you.
The jackal bites you.
* * * LOW HITPOINT WARNING * * *
You hit the jackal but do no damage. The jackal closely misses you.
You hit the jackal but do no damage. The jackal bites you.
* * * LOW HITPOINT WARNING * * *
The jackal bites you.
* * * LOW HITPOINT WARNING * * *
Aim: a jackal (severely wounded)
The magic dart hits the jackal.
You kill the jackal!
The jackal misses you.
You hit the jackal. The jackal barely misses you.
You hit the jackal but do no damage. The jackal misses you.
The jackal bites you but does no damage.
You closely miss the jackal. The jackal closely misses you.
You closely miss the jackal. The jackal bites you.
* * * LOW HITPOINT WARNING * * *
You miss the jackal. The jackal closely misses you. The jackal bites you.
You die...

...#.........#..
......
..#...........#.
.....
.#####.....#####
.... .....#...#.....
... ...#.)#.#..####
.h #####..#...# #.
##.....#
#.###########..##
#hh@........#.######
###########.#.......
#.#.###### #.#.#
#.#.# #.#.# #.#.#
#.#.# #...#


You could see 2 jackals.

Vanquished Creatures
  2 jackals (D:1)
2 creatures vanquished.

Notes
Turn   | Place    | Note
-------+----------+-------------------------------------------
     0 | D:1      | Ignatius881 the Deep Elf Wizard began the quest for the Orb.
     0 | D:1      | Reached XP level 1. HP: 10/10 MP: 7/7
    51 | D:1      | Slain by a jackal

Action                   || total
-------------------------++-------
Melee: Unarmed           ||     9
 Cast: Magic Dart        ||     8
Armor: Robe              ||     2
Dodge: Dodged            ||    13
